 Seeded DCSS version 0.29-a0-1009-g60c99734e7 (webtiles) character file.

Game seed: 20220869 (custom seed)

57 purpskrrrp the Magician (level 3, -9/19 HPs)
             Began as a Deep Elf Air Elementalist on Aug 5, 2022.
             Mangled by Sigmund
             ... wielding a +1 scythe of protection
              (11 damage)
             ... on level 2 of the Dungeon on Aug 8, 2022.
             The game lasted 00:11:21 (1657 turns).

purpskrrrp the Magician (Deep Elf Air Elementalist) Turns: 1657, Time: 00:11:22

Health: -9/19      AC:  3    Str:  5    XL:     3   Next: 73%
Magic:  8/10       EV: 13    Int: 21    God:
Gold:   54         SH:  0    Dex: 15    Spells: 8/9 levels left

rFire   + . .      SeeInvis .   h - +0 dagger
rCold   + . .      Faith    .   (no shield)
rNeg    . . .      Spirit   .   a - +0 robe
rPois   .          Reflect  .   g - +0 helmet
rElec   .          Harm     .   f - scarf {rC+ rF+}
rCorr   .          Rampage  .   (no gloves)
Will    .....                   (no boots)
Stlth   +.........              (no amulet)
HPRegen 0.06/turn               (no ring)
MPRegen 0.12/turn               (no ring)

@: confused
A: no striking features
a: no special abilities


You were on level 2 of the Dungeon.
You visited 1 branch of the dungeon, and saw 2 of its levels.

You collected 54 gold pieces.

Inventory:

Hand Weapons
 h - a +0 dagger (weapon)
Armour
 a - a +0 robe (worn)
 f - a scarf of resistance (worn)
 g - a +0 helmet (worn)
Jewellery
 d - a ring of wizardry
 e - a ring of protection from fire
Potions
 b - a potion of magic
 c - a potion of curing {unknown}


   Skills:
 - Level 3.0 Dodging
 + Level 3.1 Stealth
 * Level 3.8 Spellcasting
 + Level 1.7 Conjurations
 * Level 3.5 Air Magic


You had 8 spell levels left.
You knew the following spells:

 Your Spells              Type           Power      Damage    Failure   Level
a - Shock                 Conj/Air       60%        1d6       4%          1

Your spell library contained the following spells:

 Spells                   Type           Power      Damage    Failure   Level
 Static Discharge         Conj/Air       15%        3-5/arc   6%          2
 Swiftness                Air            18%        N/A       9%          3
 Airstrike                Air            9%         2d(2-18)  28%         4


Dungeon Overview and Level Annotations

Branches:
Dungeon (2/15)

Altars:
Nemelex Xobeh

Shops:
D:1 (

Annotations:
D:2 Sigmund


Message History

Sigmund is moderately wounded.
The zap hits Sigmund.
Sigmund is moderately wounded.
Sigmund casts a spell at you.
You are confused.
Found a scroll of teleportation.
You bump into the rock wall.
Sigmund closely misses you.
You bump into the rock wall.
You're too confused to cast spells.
Sigmund asks, "Do you like me?" Sigmund gestures at you while chanting.
The magic dart hits you!
You feel less confused. Sigmund casts a spell at you.
You are confused.
You bump into the rock wall.
You bump into the rock wall.
You bump into the rock wall.
Sigmund hits you from afar with a +1 scythe of protection!
* * * LOW HITPOINT WARNING * * *
You are too confused!
Unknown command.
Okay, then.
You feel less confused.
Casting: Shock (safe; 4% risk of failure)
Confirm with . or Enter, or press ? or * to list all spells.
Aiming: Shock (safe; 4% risk of failure)
Press: ? - help, Shift-Dir - straight line, f/p - Sigmund
Aim: Sigmund, wielding a +1 scythe of protection and wearing a +0 robe (moderately wounded, 68% to hit)
The zap hits Sigmund.
Sigmund is heavily wounded.
Sigmund mumbles some strange words.
Sigmund flickers and vanishes!
Deactivating autopickup; reactivate with Ctrl-A.
You hear some strange, mumbled words.
You are confused.
Something hits you!
Ouch! That really hurt!
You die...

#..#.#.##.#
#.###.##
...#......#
#.# #.#
....###.##.#
.# #.# ._..#
#.##.###.###.#
....
#.............
##.#.....#####
...#.<####
#####....#
#.@#.# #..#.#
..######.{#.#
#..(......#.#
########.##.#
#.# .#
#.##.#?#
#......#
#..###$#


There were no monsters in sight!

Vanquished Creatures
  Robin (D:2)
  5 bats
  An endoplasm (D:1)
  A giant cockroach (D:1)
  14 goblins
  5 hobgoblins
  4 kobolds (D:1)
  A quokka (D:1)
  5 ball pythons
  A frilled lizard (D:2)
  3 rats
41 creatures vanquished.

Notes
Turn   | Place    | Note
-------+----------+-------------------------------------------
     0 | D:1      | purpskrrrp the Deep Elf Air Elementalist began the quest
                  | for the Orb.
     0 | D:1      | Reached XP level 1. HP: 10/10 MP: 6/6
    77 | D:1      | Upgraded the game from 0.29-a0-998-g1987434951 to
                  | 0.29-a0-1009-g60c99734e7
   467 | D:1      | Reached XP level 2. HP: 15/15 MP: 4/8
   596 | D:1      | Found Zeop's Weapon Shop.
  1153 | D:1      | Found a faded altar of an unknown god.
  1337 | D:2      | Reached XP level 3. HP: 19/19 MP: 4/9
  1337 | D:2      | Noticed Robin
  1433 | D:2      | Killed Robin
  1588 | D:2      | Found a sparkling altar of Nemelex Xobeh.
  1637 | D:2      | Noticed Sigmund
  1657 | D:2      | Mangled by Sigmund

Illustrated notes

Levels and vault maps discovered:
D:1:      amcnicky_arrival_gap_in_the_tavern_cellar, layout_loops_ring,
          hellmonk_ecumenical_altar_leap_of_faith, serial_shops, shop,
          chequers_arboretum, kennysheep_small_spiral
D:2:      layout_loops_ring, basic_altar, minmay_tree_intersection, uniq_robin,
          uniq_sigmund, uniq_natasha

Skill      XL: |  1  2  3 |
---------------+----------+-----
Stealth        | 3 |  3.1
Dodging        | 3 |  3.0
Spellcasting   | |  3.8
Conjurations   | |  1.7
Air Magic      | |  3.5

Action                   || total
-------------------------++-------
Melee: Unarmed           ||    18
       Punch             ||     1
 Cast: Shock             ||    76
  Use: Scroll            ||     4
Armor: Robe              ||    22
Dodge: Dodged            ||    45

Table legend: (Time is in decaauts)
 A = Elapsed time spent in this place.
 B = Non-inter-level travel time spent in this place.
 C = Inter-level travel time spent in this place.
 D = Time resting spent in this place.
 E = Time spent auto-exploring this place.
 F = Levels seen in this place.
 G = Mean time per level.
                   A        B        C        D        E       F      G
               +--------+--------+--------+--------+--------+-----+--------+
         Total |   1657 |   1637 |     20 |    611 |    798 |   2 |  828.5 |
       Dungeon |   1657 |   1637 |     20 |    611 |    798 |   2 |  828.5 |
               +--------+--------+--------+--------+--------+-----+--------+

Top non-repeatable levels by time:
     D:1: 1416 daAuts
     D:2: 240 daAuts
